 Dungeon Crawl Stone Soup version 0.20.0-15-g7f486f2 (webtiles) character file.

6919 NoNouf the Protected (level 11, -11/71 HPs)
             Began as a Gargoyle Fighter on June 21, 2017.
             Was a Follower of the Shining One.
             Mangled by a very large slime creature (40 damage)
             ... on level 10 of the Dungeon.
             The game lasted 01:06:02 (9585 turns).

NoNouf the Protected (Gargoyle Fighter)             Turns: 9585, Time: 01:06:03

Health: -11/71     AC: 27    Str: 21    XL:     11   Next: 7%
Magic:  11/11      EV:  7    Int:  8    God:    the Shining One [*.....]
Gold:   464        SH:  0    Dex: 12    Spells: 10/10 levels left

rFire    + . .     SeeInvis .   B - +7 great sword (curse)
rCold    . . .     Gourm    .   (shield currently unavailable)
rNeg     + . .     Faith    .   P - +2 plate armour {rPois}
rPois    ∞         Spirit   .   n - +2 hat
rElec    +         Reflect  .   x - +0 cloak {rPois}
rCorr    .         Harm     .   (no gloves)
MR       +....                  (no boots)
Stlth    ..........             (no amulet)
Regen    0.3/turn               w - ring of protection from magic
MPRegen  0.2/turn               y - ring of protection from fire

@: glowing
A: negative energy resistance 1, electricity resistance, unbreathing,
petrification resistance, rot immunity, AC +7
a: Renounce Religion


You were on level 10 of the Dungeon.
You worshipped the Shining One.
The Shining One was aware of your devotion.
You were not hungry.

You visited 2 branches of the dungeon, and saw 11 of its levels.

You collected 500 gold pieces.
You spent 36 gold pieces at shops.

Inventory:

Hand Weapons
 a - a +1 flail
 q - a +2 battleaxe
 B - a cursed +7 great sword (weapon)
Armour
 b - a +1 scale mail
 c - a +0 shield
 h - a +0 helmet
 n - a +2 hat (worn)
 x - a +0 cloak of poison resistance (worn)
 P - a +2 plate armour of poison resistance (worn)
Jewellery
 v - an uncursed ring of magical power
 w - a ring of protection from magic (left hand)
 y - a ring of protection from fire (right hand)
 A - an uncursed ring of stealth {unknown}
Wands
 g - a wand of digging (13/24)
 s - a wand of disintegration (10/24)
 u - a wand of flame (28/48)
 C - a wand of polymorph (4/24)
 D - a wand of digging (15/24)
 E - a wand of polymorph (17/24)
 K - a wand of iceblast (8/15)
 N - a wand of acid (7/15)
Scrolls
 k - 4 scrolls of magic mapping
 l - 6 scrolls of recharging
 m - 3 scrolls of fear
 p - 6 scrolls of teleportation
 t - a scroll of vulnerability {unknown}
 H - a scroll of remove curse
 I - a scroll of amnesia
Potions
 e - a potion of invisibility {unknown}
 i - a potion of mutation {unknown}
 j - a potion of heal wounds
 o - a potion of haste {unknown}
 z - a potion of ambrosia {unknown}
 F - a potion of brilliance {unknown}
 G - a potion of agility {unknown}
 J - 2 potions of lignification
 L - 5 potions of curing
Comestibles
 d - 4 meat rations
 f - 5 bread rations
 r - 4 royal jellies
 M - a chunk of flesh


   Skills:
 - Level 9.0 Fighting
 + Level 10.1 Long Blades
 - Level 3.0(3.3) Axes
 - Level 2.0(2.9) Maces & Flails
 * Level 10.4 Armour
 - Level 3.2 Shields


You had 10 spell levels left.
You didn't know any spells.

Dungeon Overview and Level Annotations

Branches:
Dungeon (10/15)            Temple (1/1) D:7
   Lair: D:8-11         Orc: D:9-12

Altars:
Ashenzari
Cheibriados
Dithmenos
Elyvilon
Fedhas
Gozag
Hepliaklqana
Kikubaaqudgha
Makhleb
Nemelex Xobeh
Okawaru
Qazlal
Ru
Sif Muna
Trog
Uskayaw
Vehumet
Xom
Yredelemnul
Zin
The Shining One
Beogh

Shops:
D:5 !


Innate Abilities, Weirdness & Mutations

You are resistant to torment.
Your stone body is resilient. (AC +7)
You are immune to poison.
You resist negative energy. (rN+)
You are resistant to electric shocks. (rElec)
You can survive without breathing.
You are immune to petrification.
You are immune to rotting.


Message History

The slime creature hits you but does no damage.
You slice the slime creature!!
The slime creature is severely wounded.
The slime creature hits you but does no damage.
The large slime creature hits you!!
The slime creature hits you but does no damage.
The large slime creature hits you!!
* * * LOW HITPOINT WARNING * * *
You climb downwards.
There is a stone staircase leading up here.
Two slime creatures merge to form a very large slime creature.
You feel much better.
You slash the very large slime creature!
The very large slime creature is moderately wounded.
You slash the very large slime creature!
The very large slime creature is moderately wounded.
The very large slime creature hits you but does no damage.
The very large slime creature hits you!!!
Ouch! That really hurt!
You die...

.... ... ... .. ##.#
#.! . #.# . . #@# ....
... ##J# ....
..8..###..# #..#
.......).#...##..#
..>........####..#####
...........# #....^..
8...8#.....####.§.#
....##........)<§.#
...# #......##%#.##


You could see a very large slime creature.

Vanquished Creatures
  A two-headed ogre (D:9)
  The ghost of Hook the Cutter, a novice KoEn of Dithmenos (D:6)
  A gargoyle (D:10)
  Maurice (D:7)
  A troll (D:9)
  2 slime creatures (D:5)
  A wyvern (D:7)
  7 yaks (D:9)
  The ghost of happinesssam the Ruffian, an amateur DrTm (D:3)
  A hungry ghost (D:8)
  2 orc warriors (D:9)
  2 ice beasts (D:6)
  2 ogres (D:4)
  A phantom (D:4)
  2 centaurs
  2 big kobolds (D:5)
  Blork the orc (D:6)
  A bullfrog (D:8)
  A gnoll sergeant (D:9)
  A scorpion (D:10)
  7 wights
  4 howler monkeys
  A crimson imp (D:7)
  A bullfrog zombie (D:8)
  6 hounds
  5 jellies (D:5)
  3 bullfrog skeletons
  A centaur zombie (D:7)
  4 orc priests
  Crazy Yiuf (D:3)
  2 iguanas
  A centaur skeleton (D:6)
  Ijyb (D:4)
  7 orc wizards
  Natasha (thrice) (D:2)
  10 worker ants
  2 hound skeletons (D:6)
  A worker ant zombie (D:7)
  4 adders
  7 gnolls
  A howler monkey skeleton (D:7)
  A shadow imp (D:7)
  4 oozes
  An adder zombie (D:8)
  An adder skeleton (D:7)
  A worm (D:2)
  8 dart slugs
  9 leopard geckos
  47 orcs
  3 bats
  5 giant cockroaches
  8 hobgoblins
  9 jackals
  3 quokkas
  3 frilled lizards
  6 goblins
  10 kobolds
  7 rats
230 creatures vanquished.

Vanquished Creatures (others)
  6 fungi (D:5)
  5 toadstools (D:5)
11 creatures vanquished.

Grand Total: 241 creatures vanquished

Notes
Turn   | Place    | Note
-------+----------+-------------------------------------------
     0 | D:1      | NoNouf the Gargoyle Fighter began the quest for the Orb.
     0 | D:1      | Reached XP level 1. HP: 14/14 MP: 1/1
   167 | D:1      | Reached XP level 2. HP: 19/19 MP: 2/2
   461 | D:2      | Found a shadowy altar of Dithmenos.
   914 | D:2      | Reached XP level 3. HP: 23/24 MP: 3/3
  1103 | D:3      | Noticed Natasha
  1103 | D:3      | Noticed happinesssam's ghost (amateur DrTm)
  1116 | D:2      | Killed Natasha
  1116 | D:2      | Reached XP level 4. HP: 17/30 MP: 4/4
  1458 | D:2      | Noticed Natasha
  1466 | D:2      | Killed Natasha
  1584 | D:2      | Noticed Natasha
  1610 | D:2      | Reached skill level 5 in Fighting
  1610 | D:2      | Reached skill level 5 in Armour
  1610 | D:2      | Reached XP level 5. HP: 22/35 MP: 5/5
  1930 | D:2      | Killed Natasha
  2107 | D:4      | Noticed an ogre
  2140 | D:3      | Killed happinesssam's ghost
  2140 | D:3      | Reached XP level 6. HP: 35/41 MP: 6/6
  2524 | D:3      | Found a basalt altar of Yredelemnul.
  2697 | D:3      | Found a runed door.
  2701 | D:3      | Noticed Crazy Yiuf
  2707 | D:3      | Killed Crazy Yiuf
  2924 | D:5      | Entered Level 5 of the Dungeon
  2935 | D:4      | Found a blossoming altar of Fedhas.
  2943 | D:4      | Reached XP level 7. HP: 47/47 MP: 7/7
  3200 | D:4      | Found a hazy altar of Hepliaklqana.
  3426 | D:4      | Noticed Ijyb
  3445 | D:4      | Killed Ijyb
  3856 | D:5      | Found a white marble altar of Elyvilon.
  4260 | D:5      | Found Ohorits's Distillery.
  4264 | D:5      | Bought a potion of lignification for 36 gold pieces
  4304 | D:5      | Reached XP level 8. HP: 52/53 MP: 8/8
  4385 | D:5      | Noticed a slime creature
  4684 | D:5      | Killed a slime creature
  5051 | D:5      | Noticed a slime creature
  5062 | D:5      | Killed a slime creature
  5062 | D:5      | Reached skill level 1 in Axes
  5333 | D:6      | Reached XP level 9. HP: 51/60 MP: 9/9
  5437 | D:6      | Noticed Hook's ghost (novice KoEn)
  5768 | D:6      | Reached skill level 1 in Long Blades
  6013 | D:6      | Killed Hook's ghost
  6129 | D:6      | Noticed Blork the orc
  6150 | D:6      | Killed Blork the orc
  6436 | D:6      | Reached skill level 5 in Long Blades
  6670 | D:7      | Found a staircase to the Ecumenical Temple.
  6677 | Temple   | Entered the Ecumenical Temple
  6835 | D:8      | Noticed Maurice
  7032 | D:7      | Killed Maurice
  7032 | D:7      | Reached XP level 10. HP: 66/66 MP: 10/10
  7184 | D:8      | Found a radiant altar of Vehumet.
  7195 | D:8      | Found a shattered altar of Ashenzari.
  7353 | D:8      | Found a glowing golden altar of the Shining One.
  7445 | D:8      | Became a worshipper of the Shining One
  7891 | D:10     | Entered Level 10 of the Dungeon
  7946 | D:9      | Noticed a two-headed ogre
  8740 | D:9      | Found a roughly hewn altar of Beogh.
  8948 | D:9      | Reached skill level 10 in Armour
  9161 | D:10     | Noticed a gargoyle
  9167 | D:10     | Killed a gargoyle
  9173 | D:10     | Noticed a two-headed ogre
  9175 | D:10     | Noticed a deep elf mage
  9175 | D:10     | Reached * piety under the Shining One
  9191 | D:9      | Killed a two-headed ogre
  9191 | D:9      | Reached skill level 10 in Long Blades
  9191 | D:9      | Reached XP level 11. HP: 53/71 MP: 11/11
  9585 | D:10     | Mangled by a very large slime creature

Skill      XL: |  1  2  3  4  5  6  7  8  9 10 |
---------------+-------------------------------+-----
Fighting       | 4 5 6 7 8 9 |  9.0
Armour         | 4 5 6 7 9 10 | 10.4
Axes           | 2 3 |  3.0
Long Blades    | 6 10 | 10.1
Maces & Flails | |  2.0
Shields        | |  3.2

Action                   |  1- 3 |  4- 6 |  7- 9 | 10-12 || total
-------------------------+-------+-------+-------+-------++-------
Melee: Flail             |    94 |   204 |   200 |       ||   498
       Battleaxe         |       |       |    80 |       ||    80
       Great sword       |       |       |   129 |   192 ||   321
  Use: Scroll            |     2 |    12 |     7 |     2 ||    23
       Potion            |     1 |     1 |     1 |     1 ||     4
  Eat: Chunk             |     1 |     5 |     8 |     6 ||    20
       Fruit             |       |     1 |     7 |     3 ||    11
       Meat ration       |       |       |       |     1 ||     1
       Royal jelly       |       |       |       |     1 ||     1
Armor: Scale mail        |    53 |   104 |   257 |    70 ||   484
       Skin              |       |       |     7 |       ||     7
       Plate armour      |       |       |       |    73 ||    73
Dodge: Dodged            |    35 |    61 |   159 |    84 ||   339
Block: Shield            |    59 |    96 |    87 |       ||   242
       Rpst.: Great sword |       |       |    10 |    19 ||    29
